 Dungeon Crawl Stone Soup version 0.21-a0-243-g597973d (webtiles) character file.

13122 nikopol the Protected (level 11, -8/98 (99) HPs)
             Began as a Minotaur Berserker on Sept 4, 2017.
             Was a High Priest of Trog.
             Engulfed by an ice statue's freezing vapour (12 damage)
             ... in an ice cave.
             The game lasted 00:29:37 (12018 turns).

nikopol the Protected (Minotaur Berserker)         Turns: 12018, Time: 00:29:38

HP:   -8/98 (99)    AC: 14    Str: 23    XL:     11   Next: 71%
MP:   10/10         EV:  9    Int:  4    God:    Trog [*****.]
Gold: 669           SH: 12    Dex: 12    Spells: 10/10 levels left

rFire    . . .     SeeInvis .   z - +1 trident (distort)
rCold    . . .     Gourm    .   K - +1 shield
rNeg     . . .     Faith    .   M - +2 chain mail {rPois}
rPois    +         Spirit   .   (helmet restricted)
rElec    .         Reflect  .   (no cloak)
rCorr    .         Harm     .   (no gloves)
MR       .....                  (no boots)
Stlth    ..........             (no amulet)
HPRegen  0.26/turn              (no ring)
MPRegen  0.12/turn              (no ring)

@: no status effects
A: retaliatory headbutt, horns 2
a: Berserk, Trog's Hand, Brothers in Arms, Burn Spellbooks, Renounce Religion


You were in an ice cave.
You worshipped Trog.
Trog was extremely pleased with you.
You were near starving.

You visited 2 branches of the dungeon, and saw 13 of its levels.
You also visited: Ice Cave.

You collected 669 gold pieces.

Inventory:

Hand Weapons
 a - a +2 spear of flaming
 z - a +1 trident of distortion (weapon)
 I - a +1 trident of freezing
Armour
 b - a +0 animal skin
 i - a +0 ring mail
 G - a +0 chain mail
 K - a +1 shield (worn)
 L - +0 pearl dragon scales
 M - a +2 chain mail of poison resistance (worn)
Jewellery
 d - a +3 ring of intelligence
Wands
 y - a wand of iceblast (13/15)
 A - a wand of clouds (6/9)
 B - a wand of flame (15/48)
 O - a wand of flame (23/48)
Scrolls
 e - a scroll of recharging
 h - 12 scrolls of identify
 j - 6 scrolls of remove curse
 q - 2 scrolls of enchant weapon
 s - a scroll of magic mapping
 u - 4 scrolls of fog
 v - 2 scrolls of teleportation
 w - 2 scrolls of amnesia
 E - 3 scrolls of enchant armour
Potions
 f - 5 potions of might {unknown}
 g - 6 potions of curing {unknown}
 l - 2 potions of brilliance {unknown}
 m - 3 potions of heal wounds {unknown}
 n - 2 potions of haste {unknown}
 p - 2 potions of magic {unknown}
 x - 4 potions of mutation {unknown}
 C - a potion of degeneration {unknown}
 D - a potion of agility
 F - 3 potions of flight {unknown}
 J - a potion of ambrosia {unknown}
 P - a potion of lignification {unknown}
 R - a potion of berserk rage {unknown}
Comestibles
 c - 6 bread rations
 k - 6 meat rations
 r - 4 fruits
 t - 3 royal jellies


   Skills:
 + Level 9.9 Fighting
   Level 9.6(11.8) Axes
 + Level 11.3(12.6) Polearms
 + Level 11.6 Armour
 + Level 5.8 Dodging
 + Level 2.0 Stealth
 + Level 6.6 Shields


You had 10 spell levels left.
You didn't know any spells.

Dungeon Overview and Level Annotations

Branches:
Dungeon (9/15)             Temple (0/1) D:7            Lair (4/6) D:9
  Snake (0/4) Lair:3
  Swamp: Lair:2-4    Shoals: Lair:2-4       Orc: D:9-12

Altars:
Ashenzari
Dithmenos
Fedhas
Gozag
Qazlal
Ru
Trog
Vehumet
Wu Jian
Xom
Zin
The Shining One

Shops:
D:6 (

Annotations:
IceCv exclusion: ice statue


Innate Abilities, Weirdness & Mutations

You reflexively headbutt those who attack you in melee.
You have a pair of horns on your head.


Message History

You are too injured to fight recklessly!
You are too injured to fight recklessly!
You are too injured to fight recklessly!
You are too injured to fight recklessly!
You are too injured to fight recklessly!
You are too injured to fight recklessly!
You are too injured to fight recklessly!
You are too injured to fight recklessly!
You are too injured to fight recklessly!
You are too injured to fight recklessly!
You are too injured to fight recklessly!
Attack whom?
Press: ? - help, Dir - move target cursor, f - ice statue
Aim: an ice statue (freezing vapour)
You reach to attack!
You hit the ice statue but do no damage.
Space bends around the ice statue.
The ice statue is lightly damaged.
You are engulfed in freezing vapours.
You die...

##.#####..##
#..§###..##
##§.§§§.##
#..#....#
#§.###.##
#§## ###
#§§##§##
##.§§§§##=#
##§@§8..#
####§.#..#
.# #


You could see an ice statue.

Vanquished Creatures
  3 two-headed ogres
  A death yak (D:9)
  The ghost of Nattefrost the Basher, a novice CeFi of Hepliaklqana (D:8)
  2 spiny frogs
  A komodo dragon (D:9)
  A polar bear (IceCv)
  Grinder (D:3)
  2 trolls (D:9)
  A hippogriff (Lair:4)
  18 yaks
  A basilisk (Lair:1)
  Menkaure (D:7)
  2 water moccasins
  Duvessa (D:7)
  2 ice beasts
  4 orc warriors
  2 sky beasts
  A necrophage (D:8)
  2 phantoms
  3 wolves (IceCv)
  5 ogres
  5 centaurs
  A crocodile (Lair:2)
  A big kobold (D:9)
  4 bullfrogs
  4 gnoll sergeants
  Dowan (D:7)
  A wyvern skeleton (D:7)
  6 scorpions
  3 wights (D:9)
  A killer bee (D:8)
  7 howler monkeys
  A crimson imp (D:5)
  2 hounds
  8 orc priests
  2 centaur skeletons
  An iguana (D:9)
  11 orc wizards
  5 worker ants
  A hound skeleton (D:7)
  2 howler monkey zombies
  6 gnolls
  12 adders
  A shadow imp (D:8)
  3 worms
  An adder skeleton (D:4)
  2 dart slugs
  5 leopard geckos
  35 orcs
  2 ball pythons
  9 bats
  8 giant cockroaches
  2 goblins (D:2)
  8 hobgoblins
  3 jackals (D:4)
  4 quokkas
  4 frilled lizards
  A jackal zombie (D:6)
  7 kobolds
  A leopard gecko skeleton (D:5)
  A leopard gecko zombie (D:7)
  7 rats
244 creatures vanquished.

Vanquished Creatures (others)
  A spiny frog (Lair:2)
  A polar bear (IceCv)
  A yak (IceCv)
  A water moccasin (Lair:2)
  A wolf (IceCv)
  A bullfrog (Lair:4)
  2 fungi (D:9)
  17 plants (D:9)
25 creatures vanquished.

Grand Total: 269 creatures vanquished

Notes
Turn   | Place    | Note
-------+----------+-------------------------------------------
     0 | D:1      | nikopol the Minotaur Berserker began the quest for the Orb.
     0 | D:1      | Reached XP level 1. HP: 19/19 MP: 0/0
   212 | D:1      | Reached XP level 2. HP: 27/27 MP: 1/1
   489 | D:2      | Reached XP level 3. HP: 29/33 MP: 2/2
   593 | D:2      | Found a glowing golden altar of the Shining One.
   629 | D:2      | Reached ** piety under Trog
   691 | D:2      | Reached XP level 4. HP: 38/41 MP: 3/3
   974 | D:3      | Found a shadowy altar of Dithmenos.
   998 | D:3      | Reached skill level 5 in Axes
  1350 | D:3      | Noticed Grinder
  1356 | D:3      | Reached XP level 5. HP: 47/47 MP: 4/4
  1622 | D:3      | Reached *** piety under Trog
  1923 | D:3      | Paralysed by Grinder for 2 turns
  1926 | D:3      | Killed Grinder
  1926 | D:3      | Reached skill level 5 in Fighting
  1926 | D:3      | Reached XP level 6. HP: 48/56 MP: 5/5
  1982 | D:3      | Found an ornate altar of the Wu Jian Council.
  2310 | D:4      | Reached XP level 7. HP: 58/61 MP: 6/6
  2347 | D:4      | Found a shattered altar of Ashenzari.
  2982 | D:4      | Reached skill level 5 in Armour
  3589 | D:5      | Entered Level 5 of the Dungeon
  3627 | D:5      | Found a radiant altar of Vehumet.
  3868 | D:5      | Found the +3 robe of Clouds {+Fly rElec}
  3898 | D:5      | Found a stormy altar of Qazlal.
  3984 | D:5      | Reached XP level 8. HP: 55/70 MP: 7/7
  4567 | D:6      | Reached skill level 1 in Stealth
  4635 | D:6      | Reached **** piety under Trog
  5152 | D:6      | Reached skill level 1 in Polearms
  5418 | D:6      | Reached XP level 9. HP: 66/79 MP: 8/8
  5703 | D:6      | Found a sacrificial altar of Ru.
  5935 | D:6      | Found Ceonk's Weapon Shoppe.
  5997 | D:6      | Found a shimmering altar of Xom.
  6069 | D:6      | Found a blossoming altar of Fedhas.
  6091 | D:7      | Noticed Menkaure
  6098 | D:7      | Killed Menkaure
  6098 | D:7      | Reached skill level 1 in Shields
  6317 | D:7      | Noticed Dowan
  6318 | D:7      | Noticed Duvessa
  6329 | D:7      | Killed Duvessa
  6332 | D:7      | Reached skill level 5 in Polearms
  6338 | D:7      | Killed Dowan
  6445 | D:7      | Reached skill level 5 in Dodging
  6485 | D:7      | Found a staircase to the Ecumenical Temple.
  6579 | D:7      | Noticed a two-headed ogre
  6587 | D:7      | Killed a two-headed ogre
  6587 | D:7      | Reached XP level 10. HP: 79/89 MP: 9/9
  6743 | D:7      | Found an opulent altar of Gozag.
  6745 | D:7      | Found a glowing golden altar of the Shining One.
  7219 | D:8      | Found a glowing silver altar of Zin.
  7302 | D:9      | Noticed a two-headed ogre
  7303 | D:9      | Found a blossoming altar of Fedhas.
  7317 | D:9      | Killed a two-headed ogre
  7497 | D:9      | Reached ***** piety under Trog
  7912 | D:9      | Found a bloodstained altar of Trog.
  7996 | D:8      | Noticed Nattefrost's ghost (novice CeFi)
  8006 | D:8      | Killed Nattefrost's ghost
  8006 | D:8      | Reached skill level 10 in Armour
  8012 | D:8      | Noticed a two-headed ogre
  8028 | D:8      | Killed a two-headed ogre
  8206 | D:8      | You fall through a shaft!
  8309 | D:8      | Reached XP level 11. HP: 96/96 MP: 10/10
  9186 | D:9      | Reached skill level 5 in Shields
  9340 | D:9      | Noticed a death yak
  9349 | D:9      | Killed a death yak
  9349 | D:9      | Reached skill level 10 in Polearms
  9681 | D:9      | Found a staircase to the Lair.
 10289 | Lair:1   | Entered Level 1 of the Lair of Beasts
 11272 | Lair:2   | You fall through a shaft for 2 floors!
 11297 | Lair:3   | Noticed a death yak
 11297 | Lair:3   | Noticed a death yak
 11297 | Lair:3   | Noticed a death yak
 11297 | Lair:3   | Noticed a death yak
 11297 | Lair:3   | Noticed a death yak
 11343 | Lair:3   | Found a frozen archway.
 11347 | IceCv    | Entered an ice cave
 11524 | IceCv    | Received a gift from Trog
 12017 | IceCv    | HP: 4/98 [ice statue/freezing blast (21)]
 12018 | IceCv    | Engulfed by an ice statue's freezing vapour

Vault maps used:
D:1:      minmay_arrival_four_loops, st_stairs_13
D:2:      tso_metal_star
D:3:      old_standard_altar, nicolae_dithmenos_shadow_blocks, first_bread,
          uniq_grinder
D:4:      evilmike_ruin_ashenzari
D:5:      kennysheep_mini_moat, fiery_altar_vehumet, glass_columns_a
D:6:      hangedman_cross_stitches, xom_teletrap_fun, kennysheep_mini,
          serial_shops, shop, nicolae_ru_awakened_eye
D:7:      nicolae_overflow_hidden_temple, minmay_temple_entry_enclosed_plants,
          uniq_menkaure, uniq_duvessa
D:8:      cheibrodos_two_vegetables, lemuel_crystal_altar
D:9:      argonaut_augean_stables, old_standard_altar, david_lair_shrubbed,
          fedhas_altar_3
Lair:1:   infiniplex_staircase_pool_2
Lair:2:   serial_bayou_shore_b, grunt_megastairs_2
Lair:3:   minmay_snake_entry_guardpost_large, portal_ice_cave_entry_pillars_2,
          guppyfry_lair_drakes, lemuel_fruit_tree
Lair:4:   dpeg_oklob_shooting_range, minmay_shoals_entry_lonely_mermaid,
          serial_bayou_ford_a
IceCv:    ice_cave_caverns_02

Skill      XL: |  1  2  3  4  5  6  7  8  9 10 11 |
---------------+----------------------------------+-----
Axes           | 4 5 7 8 9 |  9.6
Fighting       | 4 5 6 7 8 9 |  9.9
Armour         | 3 4 5 7 8 10 11 | 11.6
Dodging        | 3 4 5 |  5.8
Stealth        | 1 2 |  2.0
Polearms       | 1 7 9 11 | 11.3
Shields        | 3 4 6 |  6.6

Action                   |  1- 3 |  4- 6 |  7- 9 | 10-12 || total
-------------------------+-------+-------+-------+-------++-------
Melee: Hand axe          |    49 |    96 |    65 |       ||   210
       Headbutt          |     9 |    14 |    74 |    70 ||   167
       War axe           |       |       |    88 |       ||    88
       Trident           |       |       |    36 |    60 ||    96
       Spear             |       |       |   215 |   317 ||   532
Invok: Berserk           |       |     3 |     6 |     2 ||    11
       Burn Spellbooks   |       |       |       |     1 ||     1
       Brothers in Arms  |       |       |       |     1 ||     1
  Use: Scroll            |       |       |       |    11 ||    11
  Eat: Chunk             |       |     4 |    19 |    17 ||    40
       Royal jelly       |       |     1 |       |       ||     1
       Fruit             |       |     1 |       |     2 ||     3
Armor: Animal skin       |     2 |       |       |       ||     2
       Ring mail         |    23 |    24 |    37 |       ||    84
       Chain mail        |       |       |    95 |    70 ||   165
Dodge: Dodged            |    38 |    48 |   144 |    63 ||   293
Block: Shield            |       |       |    52 |   106 ||   158

Table legend:
 A = Spawn XP
 B = Non-spawn XP
 C = Spawn XP percentage of total XP
 D = Spawn monster count
 E = Non-spawn monster count
 F = Spawn count percentage of total count
 G = Total turns spent on level
                    A         B        C        D         E        F      G
               +---------+---------+-------+---------+---------+-------+---------
         Total |    2278 |   16469 |  12.2 |      27 |     222 |  10.8 | 12018
               +---------+---------+-------+---------+---------+-------+---------
           D:1 |       4 |      25 |  13.8 |       3 |      14 |  17.6 |   482
           D:2 |       2 |      75 |   2.6 |       1 |      18 |   5.3 |   717
           D:3 |       2 |     506 |   0.4 |       2 |      26 |   7.1 |  1058
           D:4 |      47 |     515 |   8.4 |       3 |      22 |  12.0 |  1332
           D:5 |       0 |     332 |   0.0 |       0 |       9 |   0.0 |   883
           D:6 |     110 |    1595 |   6.5 |       1 |      38 |   2.6 |  1619
           D:7 |      81 |    2715 |   2.9 |       4 |      31 |  11.4 |   936
           D:8 |     958 |    1389 |  40.8 |       2 |      10 |  16.7 |  1371
           D:9 |     732 |    5330 |  12.1 |       8 |      34 |  19.0 |  1891
        Lair:1 |     235 |     618 |  27.5 |       2 |       2 |  50.0 |   729
        Lair:2 |     107 |    1594 |   6.3 |       1 |       7 |  12.5 |   254
        Lair:3 |       0 |     145 |   0.0 |       0 |       1 |   0.0 |    47
        Lair:4 |       0 |     306 |   0.0 |       0 |       2 |   0.0 |    28
         IceCv |       0 |    1324 |   0.0 |       0 |       8 |   0.0 |   671
               +---------+---------+-------+---------+---------+-------+---------
